 Dungeon Crawl Stone Soup version 0.31-a0-219-g8d62b2e7bb (webtiles) character file.

Game seed: 1123179105595506917

392 Hubris850 the Ducker (level 6, -3/49 HPs)
             Began as a Merfolk Gladiator on July 3, 2023.
             Was an Initiate of Kikubaaqudgha.
             Slain by an orc
             ... wielding a +0 hand axe
              (4 damage)
             ... on level 4 of the Dungeon.
             The game lasted 00:05:49 (3151 turns).

Hubris850 the Ducker (Merfolk Gladiator)            Turns: 3151, Time: 00:05:50

Health: -3/49      AC:  5    Str: 20    XL:     6   Next: 81%
Magic:  6/6        EV: 15    Int:  8    God:    Kikubaaqudgha [......]
Gold:   198        SH:  0    Dex: 17    Spells: 5/5 levels left

rFire   . . .        x - +0 short sword (elec)
rCold   . . .        (no shield)
rNeg    . . .        b - +0 leather armour
rPois   .            c - +0 helmet
rElec   .            o - +0 cloak
rCorr   .            (no gloves)
SInv    .            (no boots)
Will    .....        (no amulet)
Stlth   +            h - +6 ring of strength
HPRegen 0.28/turn    (no ring)
MPRegen 0.10/turn

%: no passive effects
@: no status effects
A: (nimble swimmer 2), mertail
a: Renounce Religion


You were on level 4 of the Dungeon.
You worshipped Kikubaaqudgha.
Kikubaaqudgha was noncommittal.
You visited 1 branch of the dungeon, and saw 4 of its levels.

You collected 198 gold pieces.

Inventory:

Hand Weapons
 a - a +0 trident
 n - a +4 quarterstaff of chaos
 x - a +0 short sword of electrocution (weapon)
Missiles
 d - 2 throwing nets (quivered)
 e - a javelin
 q - 2 atropa-tipped darts
Armour
 b - a +0 leather armour (worn)
 c - a +0 helmet (worn)
 o - a +0 cloak (worn)
Jewellery
 h - a +6 ring of strength (left hand)
Wands
 s - a wand of flame (13)
Scrolls
 g - a scroll of teleportation {unknown}
 j - a scroll of torment {unknown}
 k - 2 scrolls of enchant armour {unknown}
 l - a scroll of amnesia {unknown}
 m - a scroll of revelation {unknown}
 p - 2 scrolls of blinking {unknown}
 r - a scroll of enchant weapon {unknown}
 t - a scroll of silence {unknown}
 v - a scroll of identify {unknown}
Potions
 f - a potion of heal wounds {unknown}
 i - a potion of degeneration {unknown}
 u - a potion of curing {unknown}
 w - a potion of berserk rage {unknown}
 z - a potion of attraction {unknown}


   Skills:
 + Level 4.6 Fighting
 - Level 4.3 Polearms
 + Level 4.2 Throwing
 + Level 6.4 Dodging


You had 5 spell levels left.
You didn't know any spells.
Your spell library contained the following spells:

 Spells                   Type           Power      Damage    Failure   Level
 Magic Dart               Conj           0%         1d3       45%         1
 Necrotise                Necr           0%         1d4       45%         1
 Stone Arrow              Conj/Erth      0%         3d7       83%         3
 Vampiric Draining        Necr           0%         2d6       83%         3
 Animate Armour           Summ/Erth      0%         N/A       99%         4
 Animate Dead             Necr           0%         N/A       99%         4
 Agony                    Necr           0%         N/A       100%        5
 Haunt                    Necr/Summ      0%         N/A       100%        7
 Infestation              Necr           0%         N/A       100%        8
 Lehudib's Crystal Spear  Conj/Erth      0%         10d2      100%        8


Dungeon Overview and Level Annotations

Branches:
Dungeon (4/15)
 Temple: D:4-7

Altars:
Fedhas
Kikubaaqudgha
Sif Muna
Vehumet

Shops:
D:1 (


Innate Abilities, Weirdness & Mutations

((You are very nimble when in or above water. (Stealth+, EV+, Speed+++)))
Your lower body shifts to a powerful aquatic tail in water.


Message History

The orc priest hits you but does no damage.
The orc closely misses you. x2
The hobgoblin hits you but does no damage.
You closely miss the orc priest. The hobgoblin closely misses you.
The orc barely misses you. The orc priest completely misses you.
The orc completely misses you.
You barely miss the orc priest.
The orc priest hits you but does no damage.
The hobgoblin closely misses you. The orc closely misses you.
The orc misses you.
You hit the orc priest but do no damage.
The orc priest barely misses you. The orc completely misses you.
The hobgoblin hits you but does no damage.
The orc hits you with a +0 flail.
* * * LOW HITPOINT WARNING * * *
You closely miss the orc priest. The hobgoblin hits you.
* * * LOW HITPOINT WARNING * * *
The orc priest casts a cantrip, but nothing happens.
The orc hits you with a +0 hand axe.
* * * LOW HITPOINT WARNING * * *
The orc misses you.
You hit the orc priest but do no damage.
Your punch misses the orc priest. The orc priest completely misses you.
The orc hits you but does no damage. The orc misses you.
The hobgoblin hits you but does no damage.
You hit the orc priest.
Lightning courses through the orc priest!!
You kill the orc priest!
Kikubaaqudgha accepts your kill. The hobgoblin closely misses you.
The orc closely misses you. x2
You closely miss the goblin. The hobgoblin misses you.
The orc hits you with a +0 hand axe.
* * * LOW HITPOINT WARNING * * *
The orc misses you. The goblin hits you but does no damage.
You hit the goblin.
You kill the goblin!
Kikubaaqudgha accepts your kill. The hobgoblin closely misses you.
The orc hits you with a +0 hand axe.
You die...
Kikubaaqudgha rasps: "You have failed me!
Welcome... death!"

..# #...)†...### ..
##........## #.##
#..........# #.)#
#..........##
###.######...........#
#......#.............#
#######.....[.........#
#.....#goo.####....####
#~~~~~'.@).# ######
#.....#..#..#
###########..# #.# ...
.... .


You could see 2 orcs and a hobgoblin.

Vanquished Creatures
  The ghost of Ymiko097 the Chopper, an amateur HOBe of Trog (D:4)
  An orc priest (D:4)
  Crazy Yiuf (D:2)
  Terence (D:2)
  8 gnolls (D:2)
  7 adders
  An adder skeleton (D:3)
  A worm (D:3)
  3 dart slugs
  2 orcs (D:4)
  4 ball pythons
  5 endoplasms
  7 giant cockroaches
  6 goblins
  7 hobgoblins
  4 jackals (D:3)
  3 quokkas
  A ball python skeleton (D:3)
  2 ball python zombies (D:3)
  5 bats
  3 frilled lizards
  3 kobolds
  3 rats
79 creatures vanquished.

Notes
Turn   | Place    | Note
-------+----------+-------------------------------------------
     0 | D:1      | Hubris850 the Merfolk Gladiator began the quest for the
                  | Orb.
     0 | D:1      | Reached XP level 1. HP: 16/16 MP: 1/1
   366 | D:1      | Reached XP level 2. HP: 23/23 MP: 2/2
   663 | D:1      | Found Oqojeur's Weapon Emporium.
  1087 | D:2      | Reached XP level 3. HP: 24/28 MP: 3/3
  1301 | D:2      | Found a runed translucent door.
  1302 | D:2      | Noticed Crazy Yiuf
  1311 | D:2      | Killed Crazy Yiuf
  1312 | D:2      | Reached XP level 4. HP: 35/35 MP: 4/4
  1459 | D:2      | Reached skill level 5 in Dodging
  1583 | D:2      | Reached XP level 5. HP: 27/41 MP: 5/5
  1733 | D:2      | Noticed Terence
  1741 | D:2      | Killed Terence
  2076 | D:3      | Found a blossoming altar of Fedhas.
  2253 | D:3      | Reached XP level 6. HP: 45/48 MP: 6/6
  2658 | D:3      | Found a radiant altar of Vehumet.
  2661 | D:3      | Got Vehumet's Guide on Power
  2681 | D:3      | Found a shimmering blue altar of Sif Muna.
  2682 | D:3      | Found an ancient bone altar of Kikubaaqudgha.
  2707 | D:3      | Reached skill level 6 in Dodging
  2728 | D:3      | Became a worshipper of Kikubaaqudgha
  3078 | D:4      | Found a runed translucent door.
  3082 | D:4      | Noticed Ymiko097's ghost (amateur HOBe)
  3098 | D:4      | Killed Ymiko097's ghost
  3150 | D:4      | HP: 1/49 [orc/+0 hand axe (4)]
  3151 | D:4      | Slain by an orc

Illustrated notes

Levels and vault maps discovered:
D:1:      dpeg_arrival_concentric_ovals, layout_basic, serial_shops,
          nicolae_shop_hallway_plus, serial_bayou_pond_a,
          nicolae_figureground_pulse
D:2:      layout_basic, uniq_terence, uniq_crazy_yiuf_cottage
D:3:      layout_basic, grunt_temple_overflow_magic_moments,
          mainiacjoe_overflow_small_starburst, serial_undead, serial_undead_c,
          serial_undead_c, serial_undead_b, serial_undead_e, serial_undead_a,
          serial_undead_a
D:4:      layout_cave_pods, ebering_ghost_reflecting_pool

Skill      XL: |  1  2  3  4  5  6 |
---------------+-------------------+-----
Fighting       | 3 4 |  4.6
Dodging        | 5 6 |  6.4
Throwing       | 3 4 |  4.2
Polearms       | |  4.3

Action                     |  1- 3 |  4- 6 || total
---------------------------+-------+-------++-------
  Melee: Trident           |    86 |       ||    86
         Punch             |     2 |       ||     2
         Quarterstaff      |       |    98 ||    98
         Short sword       |       |    44 ||    44
  Throw: Throwing net      |     1 |       ||     1
   Stab: Sleeping          |     1 |     1 ||     2
 Armour: Leather armour    |    12 |    46 ||    58
  Dodge: Dodged            |    44 |   122 ||   166

Table legend: (Time is in decaauts)
 A = Elapsed time spent in this place.
 B = Non-inter-level travel time spent in this place.
 C = Inter-level travel time spent in this place.
 D = Time resting spent in this place.
 E = Time spent auto-exploring this place.
 F = Levels seen in this place.
 G = Mean time per level.
                   A        B        C        D        E       F      G
               +--------+--------+--------+--------+--------+-----+--------+
         Total |   3174 |   3139 |     35 |    104 |   2467 |   4 |  793.5 |
       Dungeon |   3174 |   3139 |     35 |    104 |   2467 |   4 |  793.5 |
               +--------+--------+--------+--------+--------+-----+--------+

Top non-repeatable levels by time:
     D:2: 1039 daAuts
     D:1: 1025 daAuts
     D:3: 1011 daAuts
     D:4: 99 daAuts
